 Dungeon Crawl Stone Soup version 0.27.0-1-g7a089689b8 (webtiles) character file.

Game seed: 11833512405903389804

40 Malachi the Magician (level 3, -1/25 HPs)
             Began as a Djinni Summoner on Aug 9, 2021.
             Slain by a gnoll (9 damage)
             ... on level 2 of the Dungeon.
             The game lasted 00:05:56 (4000 turns).

Malachi the Magician (Djinni Summoner)              Turns: 4000, Time: 00:05:57

Health: -1/25      AC:  3    Str:  7    XL:     3   Next: 72%
Gold:   40         EV: 12    Int: 17    God:
                   SH:  0    Dex: 13

rFire    + + .     SeeInvis .   (no weapon)
rCold    x . .     Faith    .   (no shield)
rNeg     . . .     Spirit   .   a - +0 robe
rPois    ∞         Reflect  .   (no helmet)
rElec    .         Harm     .   (no cloak)
rCorr    .         Rampage  .   d - +0 pair of gloves
Will     .....                  (boots unavailable)
Stlth    ++........             (no amulet)
HPRegen  0.08/turn              (no ring)
MPRegen  0.00/turn              (no ring)

@: flying
A: sickness immunity, fire resistance 2, cold vulnerability 1, float, innate
caster, hp casting, extra vitality 1
a: no special abilities


You were on level 2 of the Dungeon.
You visited 1 branch of the dungeon, and saw 2 of its levels.

You collected 40 gold pieces.

Inventory:

Missiles
 b - 9 boomerangs
Armour
 a - a +0 robe (worn)
 d - a +0 pair of gloves (worn)
Scrolls
 c - a scroll of fog {unknown}
 e - a scroll of amnesia {unknown}
 f - a scroll of enchant armour {unknown}
 g - a scroll of identify
 h - a scroll of blinking {unknown}
 j - a scroll of vulnerability {unknown}


   Skills:
 + Level 2.2 Dodging
 + Level 1.6 Stealth
 + Level 4.1 Spellcasting


You couldn't memorise any spells.
You knew the following spells:

 Your Spells              Type           Power      Damage    Failure   Level
a - Summon Small Mammal   Summ           68%        N/A       3%          1
b - Call Imp              Summ           17%        N/A       4%          2
c - Call Canine Familiar  Summ           17%        N/A       9%          3
d - Summon Guardian Gole  Hex/Summ       17%        N/A       9%          3
e - Summon Lightning Spi  Summ/Air       17%        N/A       28%         4
f - Beastly Appendage     Tmut           34%        N/A       3%          1
Your spell library was empty.

Dungeon Overview and Level Annotations

Branches:
Dungeon (2/15)

Altars:

Shops:
D:1 !


Innate Abilities, Weirdness & Mutations

You are immune to sickness and miasma.
You are immune to poison.
Your flesh is very heat resistant. (rF++)
You are vulnerable to cold. (rC-)
You float through the air rather than walking.
You learn spells naturally, not from books.
Your magical power is your life essence.
You have superior vitality. (+4 HP)


Message History

The gnoll shaman mumbles some strange prayers to its god against you.
Your shadow imp is outlined in light.
The gnoll shaman misses your shadow imp.
Your shadow imp hits the gnoll shaman.
Casting: Call Imp (safe; 4% risk of failure)
Confirm with . or Enter, or press ? or * to list all spells.
A shadowy apparition takes form in the air.
Casting: Call Imp (safe; 4% risk of failure)
Confirm with . or Enter, or press ? or * to list all spells.
A beastly little devil appears in a puff of flame.
* * * LOW HITPOINT WARNING * * *
Unknown command.
You swap places.
Things that are here:
a +0 club; a gnoll corpse Something hits your crimson imp.
What are your orders? t - Shout!
Orders for allies: a - Attack new target. p - Attack previous target. r - Retreat! s - Stop attacking. g - Guard the area. f - Follow me.
Anything else - Cancel.
Gang up on whom?
Press: ? - help, Dir - move target, f/p - gnoll shaman
Aim: a gnoll shaman, wielding a +0 club and wearing a +0 robe (lightly wounded) Attack!
Your crimson imp completely misses the gnoll shaman.
The gnoll shaman closely misses your crimson imp.
Your crimson imp barely misses the gnoll shaman.
Your shadow imp closely misses the gnoll shaman.
The gnoll shaman misses your crimson imp.
Your crimson imp blinks!
Your shadow imp hits the gnoll shaman.
You swap places.
Your crimson imp blinks!
The gnoll shaman calls down the wrath of its god upon you.
You resist with some effort.
Your shadow imp hits the gnoll shaman.
The gnoll shouts!
The gnoll hits you with a +0 flail!
You die...

.## #.######.......# #..... ).#
#.# ##############5## ..# ##.##
#........# †.# #..g###
######.#####..# ).#####
#.#...####......#####..#
......###........#......##..g55#
...........##...........##.##.##
......###.. #..#g#.......g..§.#
..##### #......#@#..<.).##.#§##
..# ##.##.##.# ####5##.#.# ..#
#. .....# #g##...# ..###
####.#### #.###..# ....# #.#
#.###..# .##.# #.# #......#
.##.# #####.## .##.### .[#####.#
......# #.......#


You could see a gnoll.

Vanquished Creatures (collateral kills)
  An adder (D:2)
  3 gnolls (D:2)
  A dart slug (D:2)
  An endoplasm (D:1)
  3 giant cockroaches
  2 goblins
  5 hobgoblins
  4 kobolds
  A quokka (D:1)
  5 ball pythons
  3 bats
  3 rats
32 creatures vanquished.

Notes
Turn   | Place    | Note
-------+----------+-------------------------------------------
     0 | D:1      | Malachi the Djinni Summoner began the quest for the Orb.
     0 | D:1      | Reached XP level 1. HP: 15/15 MP: 0/0
   937 | D:1      | Found Haysuilo's Distillery.
  1210 | D:1      | Reached XP level 2. HP: 13/21 MP: 0/0
  3233 | D:2      | Reached XP level 3. HP: 15/25 MP: 0/0
  3233 | D:2      | Learned a level 1 spell: Beastly Appendage
  3876 | D:2      | Reached skill level 4 in Spellcasting
  4000 | D:2      | Slain by a gnoll

Illustrated notes

Levels and vault maps discovered:
D:1:      minmay_arrival_open_corners, layout_basic, serial_shops, shop
D:2:      layout_loops_cross

Skill      XL: |  1  2  3 |
---------------+----------+-----
Spellcasting   | 4 |  4.1
Dodging        | |  2.2
Stealth        | |  1.6

Action                   || total
-------------------------++-------
Melee: Unarmed           ||     1
 Cast: Summon Small Mamm ||   129
       Call Imp          ||    22
       Call Canine Famil ||     2
  Use: Scroll            ||     2
       Potion            ||     1
Armor: Robe              ||     6
Dodge: Dodged            ||    18
